 Seeded DCSS version 0.31-a0-45-g5f0c076935 (webtiles) character file.

Game seed: 1007316256282069755 (custom seed)

477 edwardauron the Chiller (level 6, -12/45 HPs)
             Began as a Draconian Ice Elementalist on May 22, 2023.
             Was a Believer of Sif Muna.
             Mangled by an ogre
             ... wielding a +0 giant club
              (21 damage)
             ... on level 5 of the Dungeon.
             The game lasted 00:07:24 (4753 turns).

edwardauron the Chiller (DrIE)                      Turns: 4753, Time: 00:07:25

Health: -12/45     AC: 13    Str: 10    XL:     6   Next: 85%
Magic:  6/13       EV: 12    Int: 17    God:    Sif Muna [**....]
Gold:   253        SH:  0    Dex: 12    Spells: 8/15 levels left

rFire   . . .        h - +2 whip (heavy)
rCold   . . .        (no shield)
rNeg    . . .        (body armour unavailable)
rPois   .            (helmet restricted)
rElec   .            (no cloak)
rCorr   .            (no gloves)
SInv    .            (no boots)
Will    .....        (no amulet)
Stlth   ++           (no ring)
HPRegen 0.27/turn    (no ring)
MPRegen 0.13/turn

%: no passive effects
@: ice-armoured, freezing walls
A: AC +6, unfitting armour, cold-blooded
a: Renounce Religion, Channel Magic


You were on level 5 of the Dungeon.
You worshipped Sif Muna.
Sif Muna was pleased with you.
You visited 1 branch of the dungeon, and saw 5 of its levels.

You collected 253 gold pieces.

Inventory:

Hand Weapons
 h - a +2 heavy whip (weapon)
Missiles
 b - 4 javelins
Armour
 d - a +0 kite shield
Jewellery
 j - a ring of flight
Scrolls
 f - a scroll of immolation
Potions
 a - a potion of magic
 c - 3 potions of curing {unknown}
 e - 2 potions of flight
 g - a potion of might
 i - a potion of heal wounds {unknown}
 k - a potion of attraction {unknown}
 l - a potion of ambrosia {unknown}
 m - a potion of cancellation {unknown}
 n - a potion of mutation


   Skills:
 - Level 1.8 Dodging
 - Level 1.9 Stealth
 - Level 0.4 Unarmed Combat
 - Level 5.0 Spellcasting
 + Level 6.4 Ice Magic


You had 8 spell levels left.
You knew the following spells:

 Your Spells              Type           Power      Damage    Failure   Level
a - Freeze                Ice            100%       1d10      1%          1
b - Frozen Ramparts       Ice            52%        1d8       3%          3
c - Ozocubu's Armour      Ice            26%        N/A       3%          3

Your spell library contained the following spells:

 Spells                   Type           Power      Damage    Failure   Level
 Blink                    Tloc           8%         N/A       22%         2
 Lesser Beckoning         Tloc           8%         N/A       22%         2
 Momentum Strike          Conj/Tloc      8%         3d8       22%         2
 Sublimation of Blood     Necr           4%         N/A       22%         2
 Summon Ice Beast         Ice/Summ       15%        N/A       36%         4
 Petrify                  Tmut/Erth      4%         N/A       80%         4
 Irradiate                Conj/Tmut      2%         3d12      98%         5


Dungeon Overview and Level Annotations

Branches:
Dungeon (5/15)
 Temple: D:4-7

Altars:
Gozag
Makhleb
Sif Muna
Trog


Innate Abilities, Weirdness & Mutations

Your plain brown scales are hard. (AC +6)
You cannot fit into any form of body armour.
You are cold-blooded and may be slowed by cold attacks.


Message History

Can't find anything matching that.
(D) Dungeon
Where to? (Enter - D:4, ? - help)
You see here 7 stones.
There is a stone staircase leading down here.
You climb downwards.
The ogre shouts!
There is a stone staircase leading up here.
An ogre is nearby!
Found a golden potion and a pair of boots.
The ogre closely misses you.
You hit the ogre.
The ogre is lightly wounded.
The ogre hits you with a +0 giant club.
You hit the ogre.
The ogre is moderately wounded.
The ogre hits you with a +0 giant club!!
Ouch! That really hurt!
* * * LOW HITPOINT WARNING * * *
You are too injured to fight recklessly!
Casting: Frozen Ramparts (dangerous; 3% risk of failure)
Confirm with . or Enter, or press ? or * to list all spells.
A film of ice covers your body!
Casting: Ozocubu's Armour (dangerous; 3% risk of failure)
Confirm with . or Enter, or press ? or * to list all spells.
Casting: Frozen Ramparts (dangerous; 3% risk of failure)
Press: ? - help, Dir - look around, f - activate The walls around you are covered in ice.
The wall freezes the ogre but does no damage.
The ogre hits you with a +0 giant club.
* * * LOW HITPOINT WARNING * * *
You are too injured to fight recklessly!
Aiming: Freeze (safe; 1% risk of failure)
Press: ? - help, Q - select action, (/) - cycle Shift-Dir - straight line, f - ogre
Aim: an ogre, wielding a +0 giant club (moderately wounded)
You freeze the ogre!
The ogre is heavily wounded.
The wall freezes the ogre.
The ogre hits you with a +0 giant club!!
You die...

#. #. #. . #
#. ..#. #.
.[...#. #
.!.....####.#
......O@.<..#
....#########
.


You could see an ogre.

Vanquished Creatures
  The ghost of thug444 the Chopper, an amateur DsGl (D:4)
  A scorpion (D:4)
  A howler monkey (D:4)
  A jelly (D:4)
  An orc wizard (D:3)
  9 adders
  2 worms
  2 dart slugs
  9 orcs
  10 endoplasms
  2 giant cockroaches
  9 goblins
  4 hobgoblins
  14 jackals
  3 quokkas
  7 ball pythons
  9 bats
  2 frilled lizards (D:2)
  9 kobolds
  7 rats
103 creatures vanquished.

Notes
Turn   | Place    | Note
-------+----------+-------------------------------------------
     0 | D:1      | edwardauron the Draconian Ice Elementalist began the quest
                  | for the Orb.
     0 | D:1      | Reached XP level 1. HP: 14/14 MP: 3/3
   270 | D:1      | Reached XP level 2. HP: 20/20 MP: 1/5
   768 | D:1      | Reached XP level 3. HP: 22/26 MP: 7/7
   866 | D:1      | Learned a level 3 spell: Frozen Ramparts
  1013 | D:1      | Found a faded altar of an unknown god.
  1068 | D:1      | Prayed at the altar of an unknown god.
  1068 | D:1      | Became a worshipper of Sif Muna the Loreminder
  1068 | D:1      | Reached * piety under Sif Muna
  1443 | D:2      | Reached XP level 4. HP: 31/33 MP: 2/9
  2051 | D:3      | Found a shimmering blue altar of Sif Muna.
  2051 | D:3      | Found a burning altar of Makhleb.
  2136 | D:3      | Reached ** piety under Sif Muna
  2154 | D:3      | Found a bloodstained altar of Trog.
  2857 | D:4      | Found an opulent altar of Gozag.
  2863 | D:4      | Reached XP level 5. HP: 38/38 MP: 7/12
  2921 | D:4      | Reached skill level 5 in Spellcasting
  3253 | D:4      | Reached skill level 5 in Ice Magic
  3253 | D:4      | Reached XP level 6. HP: 38/45 MP: 8/13
  3627 | D:4      | Learned a level 3 spell: Ozocubu's Armour
  3819 | D:4      | Noticed thug444's ghost (amateur DsGl)
  3825 | D:4      | Found a runed translucent door.
  3919 | D:4      | Killed thug444's ghost
  3920 | D:4      | Reached skill level 6 in Ice Magic
  4746 | D:5      | Entered Level 5 of the Dungeon
  4753 | D:5      | Mangled by an ogre

Illustrated notes

Levels and vault maps discovered:
D:1:      psy_arrival_statuary, layout_basic,
          dreamdust_ecumenical_altar_angels_and_demons
D:2:      minmay_skewed_foursquare, layout_loops_ring, minmay_misc_feat_x
D:3:      layout_basic, bloody_trog, jmf_multi_god_temple,
          nicolae_concentric_dashed_squares_wild, serial_park_tiny_1,
          st_stairs_4
D:4:      layout_layer_cave, nicolae_gozag_cash_rules_everything_around_me,
          hellmonk_ghost_happy_afterlife, sigmund_army
D:5:      layout_loops_ring, minmay_joined_circles, uniq_sigmund

Skill      XL: |  1  2  3  4  5  6 |
---------------+-------------------+-----
Spellcasting   | 3 4 5 |  5.0
Ice Magic      | 5 6 |  6.4
Dodging        | |  1.8
Stealth        | |  1.9
Unarmed Combat | |  0.4

Action                     |  1- 3 |  4- 6 || total
---------------------------+-------+-------++-------
  Melee: Unarmed           |    53 |       ||    53
         Tailslap          |    10 |     4 ||    14
         Whip              |    44 |    76 ||   120
         Punch             |     1 |       ||     1
   Cast: Freeze            |    40 |    57 ||    97
         Frozen Ramparts   |       |    12 ||    12
         Ozocubu's Armour  |       |     4 ||     4
    Use: Scroll            |     2 |     7 ||     9
   Stab: Sleeping          |     1 |     4 ||     5
 Armour: Skin              |    37 |    43 ||    80
  Dodge: Dodged            |    85 |    97 ||   182

Table legend: (Time is in decaauts)
 A = Elapsed time spent in this place.
 B = Non-inter-level travel time spent in this place.
 C = Inter-level travel time spent in this place.
 D = Time resting spent in this place.
 E = Time spent auto-exploring this place.
 F = Levels seen in this place.
 G = Mean time per level.
                   A        B        C        D        E       F      G
               +--------+--------+--------+--------+--------+-----+--------+
         Total |   4782 |   4580 |    202 |    604 |   3174 |   5 |  956.4 |
       Dungeon |   4782 |   4580 |    202 |    604 |   3174 |   5 |  956.4 |
               +--------+--------+--------+--------+--------+-----+--------+

Top non-repeatable levels by time:
     D:4: 1706 daAuts
     D:1: 1093 daAuts
     D:3: 1036 daAuts
     D:2: 937 daAuts
     D:5: 8 daAuts
